 Dungeon Crawl Stone Soup version 0.29.1-1-gd02db69 (webtiles) character file.

Game seed: 14635629371552162508

53 Amidamage the Ducker (level 3, -1/35 HPs)
             Began as a Troll Gladiator on Feb 12, 2023.
             Slain by a white imp (5 damage)
             ... summoned by Natasha
             ... on level 2 of the Dungeon.
             The game lasted 00:04:13 (1320 turns).

Amidamage the Ducker (Troll Gladiator)              Turns: 1320, Time: 00:04:23

Health: -1/35      AC:  4    Str: 24    XL:     3   Next: 62%
Magic:  2/2        EV: 10    Int:  4    God:
Gold:   95         SH:  0    Dex: 11    Spells: 2/2 levels left

rFire   . . .      SeeInvis .   a - +0 long sword
rCold   . . .      Faith    .   (no shield)
rNeg    . . .      Spirit   .   b - +0 robe
rPois   .          Reflect  .   c - +0 hat
rElec   .          Harm     .   (no cloak)
rCorr   .          Rampage  .   (gloves unavailable)
Will    .....                   (boots unavailable)
Stlth   +.........              (no amulet)
HPRegen 0.91/turn               (no ring)
MPRegen 0.08/turn               (no ring)

@: no status effects
A: large, unfitting armour, claws 3, regeneration 1, shaggy fur 1, tough skin 1
a: no special abilities


You were on level 2 of the Dungeon.
You visited 1 branch of the dungeon, and saw 2 of its levels.

You collected 95 gold pieces.

Inventory:

Hand Weapons
 a - a +0 long sword (weapon)
Missiles
 d - 5 throwing nets (quivered)
 e - a large rock
Armour
 b - a +0 robe (worn)
 c - a +0 hat (worn)
Jewellery
 f - a ring of ice
 p - a ring of positive energy
Scrolls
 h - a scroll of teleportation {unknown}
 l - a scroll of blinking {unknown}
 m - a scroll of enchant armour {unknown}
 n - 2 scrolls of brand weapon {unknown}
Potions
 g - a potion of heal wounds {unknown}
 i - 2 potions of brilliance {unknown}
 j - a potion of flight {unknown}
 k - 3 potions of curing {unknown}
 o - a potion of attraction {unknown}


   Skills:
 + Level 1.9 Fighting
 + Level 3.0 Long Blades
 + Level 1.9 Throwing
 + Level 3.0 Dodging
 + Level 0.1 Stealth


You had 2 spell levels left.
You didn't know any spells.
Your spell library contained the following spells:

 Spells                   Type           Power      Damage    Failure   Level
 Static Discharge         Conj/Air       0%         3-3/arc   65%         2
 Gell's Gravitas          Tloc           0%         N/A       86%         3
 Lesser Beckoning         Tloc           0%         N/A       86%         3
 Teleport Other           Tloc           0%         N/A       86%         3
 Lightning Bolt           Conj/Air       0%         1d11      100%        5
 Maxwell's Capacitive Co  Air            0%         ∞         100%        8


Dungeon Overview and Level Annotations

Branches:
Dungeon (2/15)

Altars:

Annotations:
D:2 Natasha


Innate Abilities, Weirdness & Mutations

You are too large for most types of armour.
You have claws for hands.
Your natural rate of healing is unusually fast.
You are covered in fur. (AC +1)
You have tough skin. (AC +1)


Message History

Natasha misses you.
You miss Natasha.
Natasha is moderately wounded.
The white imp hits you. The white imp freezes you.
Natasha claws you but does no damage.
You hit Natasha.
Natasha is heavily wounded.
Natasha claws you.
The crimson imp blinks!
You closely miss Natasha.
Natasha is heavily wounded.
Natasha closely misses you. Natasha barely misses you.
You barely miss Natasha.
Natasha is heavily wounded.
The white imp hits you but does no damage.
Natasha claws you.
You barely miss Natasha.
Natasha is heavily wounded.
The white imp gestures at you. The puff of frost hits you.
Natasha closely misses you. The white imp gestures at you.
The puff of frost misses you.
You barely miss Natasha.
Natasha is heavily wounded.
Natasha casts a spell.
The white imp hits you but does no damage.
The crimson imp shouts, "Remove thy stench, thou pribbling wibble-sucking flap-bat!"
You barely miss Natasha.
Natasha is heavily wounded.
Natasha claws you! The white imp hits you. The white imp freezes you.
The white imp summons a swarm of flies.
The white imp hits you. The white imp freezes you.
* * * LOW HITPOINT WARNING * * *
You closely miss Natasha.
Natasha is heavily wounded.
The white imp disappears in a puff of smoke!
Natasha mewls in sadness.
Natasha barely misses you. The white imp hits you.
* * * LOW HITPOINT WARNING * * *
The white imp freezes you.
You die...

#...........###...####
#####.............#
#..########...# #..#
#...# #..# #...# #..#
#...###### #..#
#.........
#..#########5.######
##........h@..#
.........5...#
###########


You could see Natasha, a crimson imp (summoned) and a white imp (summoned).

Vanquished Creatures
  An adder (D:2)
  3 dart slugs
  3 endoplasms
  3 giant cockroaches (D:1)
  2 goblins (D:1)
  2 hobgoblins
  3 kobolds (D:1)
  7 ball pythons
  5 bats
  2 frilled lizards
  6 rats (D:1)
37 creatures vanquished.

Notes
Turn   | Place    | Note
-------+----------+-------------------------------------------
     0 | D:1      | Amidamage the Troll Gladiator began the quest for the Orb.
     0 | D:1      | Reached XP level 1. HP: 19/19 MP: 0/0
   103 | D:1      | Reached XP level 2. HP: 28/28 MP: 1/1
   172 | D:1      | Found a faded altar of an unknown god.
   555 | D:1      | Reached XP level 3. HP: 35/35 MP: 2/2
  1070 | D:2      | Identified the +6 dagger "Irroloeth" {antimagic, rPois
                  | Str-5 SInv Stlth+}
  1308 | D:2      | Noticed Natasha
  1320 | D:2      | Slain by a white imp

Illustrated notes

Levels and vault maps discovered:
D:1:      onia_arrival_handbag, layout_loops_ring, basic_ecumenical_altar,
          minmay_pentomino_u4
D:2:      layout_basic, minmay_tree_intersection, uniq_natasha

Skill      XL: |  1  2  3 |
---------------+----------+-----
Dodging        | 3 |  3.0
Long Blades    | 3 |  3.0
Fighting       | |  1.9
Throwing       | |  1.9
Stealth        | |  0.1

Action                   || total
-------------------------++-------
Melee: Long sword        ||   135
 Stab: Sleeping          ||     2
Armor: Robe              ||    77
Dodge: Dodged            ||    83
